 Dungeon Crawl Stone Soup version 0.28.0-53-g5a82cb258f (webtiles) character file.

Game seed: 12129751600870926572

65 urbino23 the Conjurer (level 3, -2/20 HPs)
             Began as a Deep Elf Conjurer on June 3, 2022.
             Slain by an orc priest
             ... wielding a +0 trident
              (6 damage)
             ... on level 3 of the Dungeon.
             The game lasted 00:07:44 (2182 turns).

urbino23 the Conjurer (Deep Elf Conjurer)           Turns: 2182, Time: 00:07:45

Health: -2/20      AC:  2    Str:  4    XL:     3   Next: 92%
Magic:  1/11       EV: 12    Int: 24    God:
Gold:   94         SH:  0    Dex: 13    Spells: 8/11 levels left

rFire   + . .      SeeInvis .   h - staff of air
rCold   x . .      Faith    .   (no shield)
rNeg    . . .      Spirit   .   a - +0 robe
rPois   .          Reflect  .   (no helmet)
rElec   +          Harm     .   (no cloak)
rCorr   .          Rampage  .   (no gloves)
Will    .....                   (no boots)
Stlth   ++........              (no amulet)
HPRegen 0.06/turn               c - ring of fire
MPRegen 0.12/turn               (no ring)

@: no status effects
A: no striking features
a: no special abilities


You were on level 3 of the Dungeon.
You visited 1 branch of the dungeon, and saw 3 of its levels.

You collected 94 gold pieces.

Inventory:

Hand Weapons
 d - a +0 dagger
 e - a +0 hunting sling
Missiles
 f - 50 stones
 m - 5 poisoned darts (quivered)
Armour
 a - a +0 robe (worn)
Magical Staves
 h - a staff of air (weapon)
Jewellery
 c - a ring of fire (left hand)
Wands
 l - a wand of polymorph (8)
Scrolls
 g - 2 scrolls of blinking {unknown}
 i - a scroll of identify {unknown}
Potions
 b - a potion of berserk rage {unknown}
 j - 2 potions of curing {unknown}
 k - a potion of invisibility {unknown}


   Skills:
 + Level 1.2 Fighting
 - Level 2.4 Dodging
 - Level 2.4 Stealth
 + Level 4.5 Spellcasting
 - Level 5.0 Conjurations


You had 8 spell levels left.
You knew the following spells:

 Your Spells              Type           Power      Damage    Failure   Level
a - Magic Dart            Conj           100%       1d8       1%          1
b - Searing Ray           Conj           58%        2d6       1%          2

Your spell library contained the following spells:

 Spells                   Type           Power      Damage    Failure   Level
 Dazzling Flash           Conj/Hex       34%        N/A       10%         3
 Fulminant Prism          Conj/Hex       8%         3d7       32%         4
 Iskenderun's Mystic Bla  Conj/Tloc      17%        2d5       32%         4


Dungeon Overview and Level Annotations

Branches:
Dungeon (3/15)

Altars:


Message History

Aiming: Searing Ray (safe; 1% risk of failure)
Press: ? - help, Shift-Dir - straight line, f - orc priest
Aim: an orc priest, wielding a +0 trident and wearing a +0 leather armour (79% to hit)
The searing ray hits the orc priest.
The orc priest is lightly wounded. (Press . to maintain the ray.)
The orc priest barely misses you.
The searing ray hits the orc priest.
The orc priest is moderately wounded.
The orc priest completely misses you.
Without enough magic to sustain it, your searing ray dissipates.
The orc priest hits you from afar with a +0 trident!
Casting: Searing Ray (safe; 1% risk of failure)
Confirm with . or Enter, or press ? or * to list all spells.
You don't have enough magic to cast this spell.
Unknown command.
The orc priest misses you.
You hit the orc priest but do no damage.
The orc priest is moderately wounded.
The orc priest looks braver for a moment.
You hit the orc priest.
The orc priest is heavily wounded.
The orc priest barely misses you.
You closely miss the orc priest.
The orc priest is heavily wounded.
The orc priest completely misses you.
You hit the orc priest.
The orc priest is heavily wounded.
The orc priest hits you with a +0 trident.
* * * LOW HITPOINT WARNING * * *
The orc priest misses you.
You hit the orc priest but do no damage.
The orc priest is heavily wounded.
The orc priest barely misses you.
You closely miss the orc priest.
The orc shouts!
You punch the orc priest, but do no damage.
The orc priest is heavily wounded.
The orc priest hits you with a +0 trident.
You die...

### #####.#####
#.........##
#...#.###..#
#########.#.# ##'###
#.....@oo...# #....#
#.#######)#####....+.##
#.#...'....#..#
#)#.###....##.# #.#
###'###.# #.# #####.#
#.#


oo# #.....# #.# ...# #.###.# #.# .o..#.#.###.###.# You could see an orc priest
and an orc.

Vanquished Creatures
  An adder (D:2)
  A worm (D:2)
  2 dart slugs
  4 orcs (D:3)
  7 bats
  2 endoplasms (D:2)
  3 giant cockroaches
  5 goblins
  A hobgoblin (D:1)
  A kobold (D:2)
  5 quokkas
  A ball python (D:1)
  4 frilled lizards
  6 rats
43 creatures vanquished.

Notes
Turn   | Place    | Note
-------+----------+-------------------------------------------
     0 | D:1      | urbino23 the Deep Elf Conjurer began the quest for the Orb.
     0 | D:1      | Reached XP level 1. HP: 10/10 MP: 6/6
   323 | D:1      | Reached XP level 2. HP: 15/15 MP: 2/8
   377 | D:1      | Learned a level 2 spell: Searing Ray
  1161 | D:2      | Reached XP level 3. HP: 19/19 MP: 4/10
  1309 | D:2      | Reached skill level 5 in Conjurations
  1588 | D:2      | Reached skill level 1 in Fighting
  2182 | D:3      | Slain by an orc priest

Illustrated notes

Levels and vault maps discovered:
D:1:      roderic_chinese_lattice_arrival, layout_rooms,
          hangedman_decor_growths, minivault_24
D:2:      layout_loops_ring, minmay_misc_feat_tiny
D:3:      layout_basic, kennysheep_generic_room_14, uniq_grinder

Skill      XL: |  1  2  3 |
---------------+----------+-----
Spellcasting   | 4 |  4.5
Conjurations   | 5 |  5.0
Fighting       | 1 |  1.2
Dodging        | |  2.4
Stealth        | |  2.4

Action                   || total
-------------------------++-------
Melee: Staff             ||     9
       Punch             ||     1
 Cast: Magic Dart        ||    75
       Searing Ray       ||     8
 Stab: Sleeping          ||     1
Armor: Robe              ||     2
Dodge: Dodged            ||    17
